AoeStats
← WaRe MPaSsioN

Nomad

509665321Analyzed
4v4 RM · 6d ago on Sep 27, 2026· 16m 9s· 8 players
Game mode
Random Map
Map size
231×231
Population
200
Speed
Normal
Resources
Standard
Victory
Conquest
Starting age
Dark Age
Ending age
Imperial Age
RankedLock teamsTeams togetherTeam positionsShared explorationLock speedFull tech treeHidden civsTurbo modeCheats
Victory
Defeat
🇸🇪 Danes · Sweden
1048
+15
🇳🇴 Wu · Norway
1043
+15
🇫🇷 Vietnamese · France
1030
+16
🇬🇧 Saxons · United Kingdom
891
+22
🇸🇪 Koreans · Sweden
1084
-19
🇲🇽 Teutons · Mexico
1014
-17
🇵🇪 Chinese · Peru
1004
-16
🇯🇵 Burmese · Japan
1000
-48
WaRe MPaSsioN
6:12 Loom
16:11 Feudal Age
Warmommy
4:45 Loom
15:36 Feudal Age
16:04 Double-Bit Axe
16:04 Fishing Lines
16:19 Gold Mining
Wardaddy
5:31 Loom
15:47 Feudal Age
WarW◯lf 103 {WYR}
5:43 Loom
alancazu
3:29 Loom
LaTO
BachmanN
5:36 Loom
Ongoo
Connection lost

Rejoining the realm…

Still unreachable

The connection could not be restored.

Session expired

The server has moved on; the page needs a fresh start.